 Dungeon Crawl Stone Soup version 0.30-a0-923-g828ccac5a3 (webtiles) character file.

Game seed: 13883236912574617399

35 Morbidden the Gusty (level 3, -1/25 HPs)
             Began as a Demonspawn Air Elementalist on Mar 22, 2023.
             Slain by Jessica
             ... wielding a +0 club
              (4 damage)
             ... on level 2 of the Dungeon.
             The game lasted 00:01:49 (2054 turns).

Morbidden the Gusty (Demonspawn Air Elementalist)   Turns: 2054, Time: 00:01:49

Health: -1/25      AC:  2    Str:  8    XL:     3   Next: 17%
Magic:  3/6        EV: 12    Int: 18    God:
Gold:   98         SH:  0    Dex: 13    Spells: 3/6 levels left

rFire   + . .      SeeInvis .    a - +0 dagger
rCold   . . .      Faith    .    (no shield)
rNeg    . . .      Spirit   .    o - +0 robe
rPois   .          Reflect  .    (no helmet)
rElec   .          Rampage  .    (no cloak)
rCorr   .                        (no gloves)
Will    +....                    (no boots)
Stlth   ++                       (no amulet)
HPRegen 0.24/turn                (no ring)
MPRegen 0.10/turn                (no ring)

@: no status effects
A: hooves 1, spiny 1, fire resistance 1, strong-willed 1
a: no special abilities


You were on level 2 of the Dungeon.
You visited 1 branch of the dungeon, and saw 2 of its levels.

You collected 98 gold pieces.

Inventory:

Hand Weapons
 a - a +0 dagger (weapon)
Missiles
 i - 6 poisoned darts
Armour
 o - a +0 robe (worn)
Scrolls
 c - a scroll of magic mapping {unknown}
 d - 2 scrolls of vulnerability {unknown}
 e - 4 scrolls of identify {unknown}
 f - a scroll of brand weapon {unknown}
 j - a scroll of silence {unknown}
 k - 5 scrolls of teleportation {unknown}
 l - a scroll of butterflies {unknown}
 m - a scroll of blinking {unknown}
 n - a scroll of immolation {unknown}
Potions
 b - 2 potions of magic
 g - a potion of mutation
 h - a potion of lignification {unknown}
 p - 2 potions of cancellation {unknown}
 q - a potion of haste {unknown}


   Skills:
 * Level 0.6 Fighting
 * Level 0.5 Armour
 * Level 2.1 Dodging
 + Level 1.9 Stealth
 + Level 0.1 Unarmed Combat
 * Level 2.3 Spellcasting
 * Level 1.1 Conjurations
 * Level 3.0 Air Magic


You had 3 spell levels left.
You knew the following spells:

 Your Spells              Type           Power      Damage    Failure   Level
a - Shock                 Conj/Air       36%        1d5       8%          1
z - Static Discharge      Conj/Air       18%        2-3/arc   11%         2

Your spell library contained the following spells:

 Spells                   Type           Power      Damage    Failure   Level
 Swiftness                Air            13%        N/A       16%         3
 Airstrike                Air            6%         2d(1-17)  45%         4


Dungeon Overview and Level Annotations

Branches:
Dungeon (2/15)

Altars:

Shops:
D:2 [

Annotations:
D:2 Jessica


Innate Abilities, Weirdness & Mutations

You have large cloven feet.
You are partially covered in sharp spines.
Your flesh is heat resistant. (rF+)
You are strong-willed. (Will+)


Message History

Unknown command.
Casting: Shock (safe; 8% risk of failure)
Confirm with . or Enter, or press ? or * to list all spells.
Aiming: Shock (safe; 8% risk of failure)
Press: ? - help, Shift-Dir - straight line, f - Jessica
Aim: Jessica, wielding a +0 club and wearing a +0 robe (68% to hit)
The zap hits Jessica.
Jessica is lightly wounded.
Unknown command.
Casting: Shock (safe; 8% risk of failure)
Confirm with . or Enter, or press ? or * to list all spells.
Aiming: Shock (safe; 8% risk of failure)
Press: ? - help, Shift-Dir - straight line, f/p - Jessica
Aim: Jessica, wielding a +0 club and wearing a +0 robe (lightly wounded, 68% to hit)
The zap misses Jessica.
Jessica closely misses you.
Unknown command.
Unknown command.
You are too injured to fight recklessly!
Unknown command.
Unknown command.
You hit Jessica but do no damage.
Jessica is lightly wounded.
Jessica hits you with a +0 club.
* * * LOW HITPOINT WARNING * * *
Unknown command.
Unknown command.
Casting: Shock (safe; 8% risk of failure)
Confirm with . or Enter, or press ? or * to list all spells.
Aiming: Shock (safe; 8% risk of failure)
Press: ? - help, Shift-Dir - straight line, f/p - Jessica
Aim: Jessica, wielding a +0 club and wearing a +0 robe (lightly wounded, 68% to hit)
The zap hits Jessica.
Jessica is severely wounded.
Jessica hits you with a +0 club.
* * * LOW HITPOINT WARNING * * *
Unknown command.
It was a potion of mutation.
You feel extremely strange.
You feel resistant to heat.
You feel strong-willed. Jessica hits you with a +0 club.
You die...

###.# #...# ##.###
###...### #........
#.#...### #.##.##
#######.# #.##.#
#.@@....# #.##.####
########.#######
#†##.##.. .........#
##.##.##.# #######..#
#.....##.# #..#
#..#####.# #..## #..# #.#
##...#######..#####.#
#####....................
#.........######.########


You could see Jessica.

Vanquished Creatures
  A dart slug (D:2)
  2 endoplasms (D:1)
  A giant cockroach (D:2)
  2 goblins
  2 hobgoblins (D:2)
  4 jackals (D:2)
  A kobold (D:2)
  6 ball pythons
  3 bats
  7 frilled lizards (D:1)
  2 rats (D:1)
31 creatures vanquished.

Notes
Turn   | Place    | Note
-------+----------+-------------------------------------------
     0 | D:1      | Morbidden the Demonspawn Air Elementalist began the quest
                  | for the Orb.
     0 | D:1      | Reached XP level 1. HP: 13/13 MP: 3/3
   676 | D:1      | Gained mutation: You are partially covered in sharp spines.
                  | [demonic ancestry]
   676 | D:1      | Reached XP level 2. HP: 11/19 MP: 0/5
   913 | D:1      | Found a faded altar of an unknown god.
  1478 | D:2      | Learned a level 2 spell: Static Discharge
  1532 | D:2      | Reached skill level 3 in Air Magic
  1652 | D:2      | Gained mutation: You have large cloven feet. [demonic
                  | ancestry]
  1652 | D:2      | Reached XP level 3. HP: 25/25 MP: 0/6
  1781 | D:2      | Found Jaweat's Antique Armour Shop.
  2045 | D:2      | Noticed Jessica
  2054 | D:2      | Gained mutation: Your flesh is heat resistant. (rF+)
                  | [potion of mutation]
  2054 | D:2      | Gained mutation: You are strong-willed. (Will+) [potion of
                  | mutation]
  2054 | D:2      | Slain by Jessica

Illustrated notes

Levels and vault maps discovered:
D:1:      mrwooster_arrival_arrow, layout_basic,
          ebering_ecumenical_altar_sacrificial, minmay_lizard_pond
D:2:      layout_loops_ring, serial_shops, shop, uniq_jessica

Skill      XL: |  1  2 |
---------------+-------+-----
Dodging        | 2 |  2.1
Air Magic      | 3 |  3.0
Fighting       | |  0.6
Armour         | |  0.5
Stealth        | |  1.9
Unarmed Combat | |  0.1
Spellcasting   | |  2.3
Conjurations   | |  1.1

Action                     || total
---------------------------++-------
  Melee: Unarmed           ||    37
         Dagger            ||     7
   Cast: Shock             ||    48
    Use: Potion            ||     1
   Stab: Sleeping          ||     1
 Armour: Robe              ||     5
  Dodge: Dodged            ||    35

Table legend: (Time is in decaauts)
 A = Elapsed time spent in this place.
 B = Non-inter-level travel time spent in this place.
 C = Inter-level travel time spent in this place.
 D = Time resting spent in this place.
 E = Time spent auto-exploring this place.
 F = Levels seen in this place.
 G = Mean time per level.
                   A        B        C        D        E       F      G
               +--------+--------+--------+--------+--------+-----+--------+
         Total |   2053 |   2009 |     44 |    183 |   1608 |   2 | 1026.5 |
       Dungeon |   2053 |   2009 |     44 |    183 |   1608 |   2 | 1026.5 |
               +--------+--------+--------+--------+--------+-----+--------+

Top non-repeatable levels by time:
     D:1: 1380 daAuts
     D:2: 673 daAuts
